 Dungeon Crawl Stone Soup version 0.24.0-35-gdb84b6a5db (webtiles) character file.

Game seed: 13089910370761264839, levelgen mode: deterministic

18539 Flugslaktarn the Cleaver (level 12, -4/106 HPs)
             Began as a Minotaur Fighter on Nov 18, 2019.
             Was the Champion of Cheibriados.
             Slain by a 13-headed hydra (9 damage)
             ... on level 5 of the Lair of Beasts.
             The game lasted 00:06:45 (11673 turns).

Flugslaktarn the Cleaver (Minotaur Fighter)        Turns: 11673, Time: 00:06:46

Health: -4/106     AC: 18    Str: 40    XL:     12   Next: 28%
Magic:  14/17      EV: 13    Int: 20    God:    Cheibriados [******]
Gold:   722        SH: 15    Dex: 26    Spells: 11/11 levels left

rFire    . . .     SeeInvis .   s - +3 hand axe (venom)
rCold    . . .     Gourm    .   c - +0 shield
rNeg     . . .     Faith    +   g - +0 plate armour
rPois    +         Spirit   .   (helmet restricted)
rElec    .         Reflect  .   x - +1 cloak
rCorr    .         Harm     .   (no gloves)
MR       .....                  U - +0 pair of boots
Stlth    ..........             f - amulet of faith
HPRegen  0.27/turn              o - ring of poison resistance
MPRegen  0.15/turn              (no ring)

@: very slow
A: retaliatory headbutt, horns 2
a: Bend Time, Temporal Distortion, Slouch, Step From Time, Renounce Religion


You were on level 5 of the Lair of Beasts.
You worshipped Cheibriados.
Cheibriados was exalted by your worship.
You were not hungry.

You visited 2 branches of the dungeon, and saw 14 of its levels.
You also visited: Sewer.

You collected 983 gold pieces.
You spent 261 gold pieces at shops.

Inventory:

Hand Weapons
 a - a +0 war axe
 s - a +3 hand axe of venom (weapon)
   (You took it off an orc on level 3 of the Dungeon)
Missiles
 M - 2 throwing nets (quivered)
Armour
 c - a +0 shield (worn)
 g - a +0 plate armour (worn)
   (You took it off an orc warrior on level 5 of the Dungeon)
 x - a +1 cloak (worn)
   (You found it on level 5 of the Dungeon)
 U - a +0 pair of boots (worn)
   (You found it on level 2 of the Lair of Beasts)
Jewellery
 f - an amulet of faith (around neck)
   (You found it on level 3 of the Dungeon)
 o - a ring of poison resistance (left hand)
   (You bought it in a shop on level 5 of the Dungeon)
 D - an uncursed amulet of magic regeneration {unknown}
   (You found it on level 6 of the Dungeon)
 I - an uncursed ring of positive energy {unknown}
   (You found it on level 7 of the Dungeon)
 N - a cursed amulet of harm {unknown}
   (You found it on level 8 of the Dungeon)
 O - an uncursed amulet of magic regeneration {unknown}
   (You found it on level 9 of the Dungeon)
 T - a cursed amulet of inaccuracy {unknown}
   (You found it on level 2 of the Lair of Beasts)
Wands
 v - a wand of digging (6)
   (You found it on level 6 of the Dungeon)
 y - a wand of iceblast (15)
   (You took it off Ijyb on level 3 of the Dungeon)
 X - a wand of paralysis (9)
   (You found it on level 3 of the Lair of Beasts)
Scrolls
 j - 4 scrolls of enchant weapon
 k - 2 scrolls of fog
 m - 2 scrolls of fear
 r - 5 scrolls of identify
 t - 2 scrolls of teleportation
 u - a scroll of enchant armour
 w - 5 scrolls of remove curse
 E - a scroll of silence {unknown}
 F - a scroll of vulnerability {unknown}
 H - 2 scrolls of blinking {unknown}
 L - 2 scrolls of amnesia {unknown}
 P - a scroll of brand weapon {unknown}
 R - a scroll of magic mapping {unknown}
 V - a scroll of summoning {unknown}
 W - a scroll of immolation {unknown}
Potions
 b - a potion of lignification {unknown}
 d - 3 potions of might
 h - 4 potions of haste
 i - 7 potions of flight
 l - a potion of cancellation
 n - a potion of resistance
 p - 4 potions of degeneration {unknown}
 q - 6 potions of curing
 z - a potion of brilliance {unknown}
 A - 2 potions of agility {unknown}
 B - 3 potions of berserk rage {unknown}
 C - 3 potions of mutation {unknown}
 G - a potion of magic {unknown}
 J - a potion of invisibility {unknown}
 K - a potion of heal wounds {unknown}
 Q - a potion of ambrosia {unknown}
Comestibles
 e - 26 rations


   Skills:
 + Level 10.2 Fighting
 * Level 13.3 Axes
 + Level 10.4 Armour
 + Level 5.5 Dodging
 + Level 10.1 Shields
 * Level 8.5 Invocations


You had 11 spell levels left.
You didn't know any spells.
Your spell library was empty.

Dungeon Overview and Level Annotations

Branches:
Dungeon (9/15)             Temple (0/1) D:4            Lair (5/6) D:9
  Swamp (0/4) Lair:4       Spider (0/4) Lair:3        Sewer (visited)
  Slime: Lair:5-6       Orc: D:9-12

Altars:
Cheibriados
Elyvilon
Kikubaaqudgha
Makhleb
Qazlal
Ru
Sif Muna
Uskayaw
Wu Jian
Xom
Yredelemnul
Zin

Shops:
D:5 *

Annotations:
D:6 2 transporters
D:7 1 runed translucent door
D:8 1 runed translucent door, exclusion: door, OleJ's ghost, novice GnFi
Lair:4 exclusion: 2 oklob plants


Innate Abilities, Weirdness & Mutations

You reflexively headbutt those who attack you in melee.
You have a pair of horns on your head.


Message History

The 13-headed hydra bites you but does no damage.
The 13-headed hydra bites you!
* * * LOW HITPOINT WARNING * * *
The 13-headed hydra barely misses you. The 13-headed hydra bites you!
* * * LOW HITPOINT WARNING * * *
The 13-headed hydra bites you but does no damage.
The 13-headed hydra barely misses you.
The 13-headed hydra bites you but does no damage.
The 13-headed hydra bites you!
* * * LOW HITPOINT WARNING * * *
You are too injured to fight recklessly!
Unknown command.
Evoke which item? (* to show all) (? for menu, Esc to quit)
Okay, then.
The 13-headed hydra bites you but does no damage.
You block the 13-headed hydra's attack. The 13-headed hydra closely misses you.
You block the 13-headed hydra's attack.
The 13-headed hydra bites you but does no damage.
The 13-headed hydra bites you!
You die...

...... .......
.......
............
.......#.P..
........#.^?##
#.....##P.#.##
##.....##...D.#
.#......###..@##
........##....#
.........#....#
........P##'###
.##.....###.#
#.....<..#'####..
#..................
.[.................
.#.####........##.#


You could see a 13-headed hydra.

Vanquished Creatures
  Harold (D:8)
  2 hydras
  An elephant (D:9)
  2 black mambas
  7 spiny frogs
  3 komodo dragons
  A troll (D:9)
  Prince Ribbit (D:6)
  A hornet (D:7)
  9 blink frogs
  3 hippogriffs
  2 wyverns
  28 yaks
  2 basilisks
  A water moccasin (Lair:1)
  4 porcupines
  An ice beast (D:5)
  2 orc warriors
  3 sky beasts
  A black bear (D:6)
  3 phantoms
  4 ogres
  3 wolves (Lair:3)
  6 crocodiles
  4 big kobolds
  10 bullfrogs
  A gnoll sergeant (D:7)
  A wyvern skeleton (D:8)
  A scorpion (Lair:3)
  5 killer bees (D:7)
  A vampire bat (D:7)
  3 howler monkeys
  An electric eel (Lair:4)
  A crimson imp (D:7)
  2 bullfrog zombies
  2 jellies (D:7)
  2 centaur skeletons
  4 orc priests
  A gnoll shaman (D:4)
  4 hounds
  8 orc wizards
  5 iguanas
  Ijyb (D:3)
  A bullfrog skeleton (D:5)
  4 worker ants
  A hound zombie (D:5)
  2 howler monkey zombies (D:6)
  8 gnolls
  7 adders
  2 river rats
  A shadow imp (D:7)
  3 oozes
  2 adder zombies
  9 worms
  3 dart slugs
  3 leopard geckos
  36 orcs
  3 ball pythons
  2 bat skeletons (D:7)
  3 bat zombies (D:7)
  5 giant cockroaches
  4 goblins
  6 hobgoblins
  21 jackals
  22 kobolds
  4 quokkas
  A ball python zombie (D:5)
  5 bats
  5 frilled lizards
  A giant cockroach zombie (D:5)
  A quokka skeleton (D:6)
  3 quokka zombies
  16 rats
  2 fungi
334 creatures vanquished.

Vanquished Creatures (others)
  A spiny frog (Lair:2)
  A blink frog (Lair:2)
  An orc (D:3)
  2 fungi (Lair:2)
  A plant (Lair:2)
  2 withered plants (D:8)
8 creatures vanquished.

Grand Total: 342 creatures vanquished

Notes
Turn   | Place    | Note
-------+----------+-------------------------------------------
     0 | D:1      | Flugslaktarn the Minotaur Fighter began the quest for the
                  | Orb.
     0 | D:1      | Reached XP level 1. HP: 19/19 MP: 0/0
   143 | D:1      | Reached XP level 2. HP: 27/27 MP: 1/1
   161 | D:1      | Reached skill level 3 in Axes
   462 | D:1      | Reached XP level 3. HP: 24/33 MP: 2/2
   953 | D:2      | Reached XP level 4. HP: 40/40 MP: 3/3
  1208 | D:2      | Found a snail-covered altar of Cheibriados.
  1222 | D:2      | Reached skill level 4 in Axes
  1227 | D:2      | Became a worshipper of Cheibriados the Contemplative
  1488 | D:3      | Noticed Ijyb
  1497 | D:3      | Killed Ijyb
  1628 | D:3      | Reached XP level 5. HP: 45/47 MP: 4/4
  1671 | D:3      | Found a glowing drain.
  1682 | Sewer    | Entered a sewer
  1836 | Sewer    | Reached * piety under Cheibriados
  1844 | Sewer    | Reached skill level 1 in Invocations
  2000 | Sewer    | Found a white marble altar of Elyvilon.
  2379 | D:3      | Reached skill level 5 in Axes
  2379 | D:3      | Reached XP level 6. HP: 52/53 MP: 6/6
  2470 | D:4      | Found a staircase to the Ecumenical Temple.
  2511 | D:4      | Reached skill level 5 in Fighting
  2511 | D:4      | Reached skill level 5 in Armour
  2514 | D:4      | Reached ** piety under Cheibriados
  2514 | D:4      | Reached skill level 5 in Shields
  2543 | D:4      | Reached XP level 7. HP: 20/61 MP: 7/7
  2963 | D:4      | Reached skill level 6 in Axes
  3247 | D:5      | Entered Level 5 of the Dungeon
  3482 | D:5      | Found an ancient bone altar of Kikubaaqudgha.
  3523 | D:5      | Reached *** piety under Cheibriados
  3554 | D:5      | HP: 2/62 [orc warrior/+0 glaive (11)]
  3556 | D:5      | Reached skill level 7 in Axes
  3556 | D:5      | Reached XP level 8. HP: 3/70 MP: 9/9
  3975 | D:5      | Reached **** piety under Cheibriados
  4205 | D:5      | Found Kuz Jalu's Assorted Antiques.
  4213 | D:5      | Bought a scroll labeled CUEPUA XOYMP for 27 gold pieces
  4213 | D:5      | Bought a scroll labeled NETIUSHRAKLI for 27 gold pieces
  4213 | D:5      | Bought 2 inky potions for 48 gold pieces
  4213 | D:5      | Bought an agate ring for 135 gold pieces
  4213 | D:5      | Bought a sedimented pink potion for 24 gold pieces
  4345 | D:5      | Found an ornate altar of the Wu Jian Council.
  4455 | D:6      | Noticed Prince Ribbit
  4465 | D:6      | Killed Prince Ribbit
  4465 | D:6      | Reached skill level 8 in Axes
  4489 | D:6      | Found a basalt altar of Yredelemnul.
  4694 | D:6      | Found a transporter.
  4695 | D:6      | Found a transporter.
  4695 | D:6      | Noticed a cyan ugly thing
  4695 | D:6      | Noticed a freezing wraith
  4699 | D:6      | Found a stormy altar of Qazlal.
  4964 | D:6      | Found a burning altar of Makhleb.
  4964 | D:6      | Found a hide-covered altar of Uskayaw.
  5007 | D:6      | Found a sacrificial altar of Ru.
  5164 | D:7      | Reached XP level 9. HP: 67/78 MP: 11/11
  5171 | D:7      | Found a white marble altar of Elyvilon.
  5172 | D:7      | Reached ***** piety under Cheibriados
  5182 | D:7      | Reached skill level 9 in Axes
  5391 | D:7      | Found a glowing silver altar of Zin.
  5392 | D:7      | Found a runed translucent door.
  5392 | D:7      | Noticed an angel
  5623 | D:7      | Found an ancient bone altar of Kikubaaqudgha.
  5806 | D:8      | Reached skill level 5 in Invocations
  5811 | D:8      | Reached skill level 10 in Axes
  5893 | D:8      | Noticed Harold
  5905 | D:8      | Killed Harold
  5905 | D:8      | Reached XP level 10. HP: 44/88 MP: 11/13
  5914 | D:8      | Reached ****** piety under Cheibriados
  6178 | D:8      | Found a runed translucent door.
  6183 | D:8      | Noticed OleJ's ghost (novice GnFi)
  6230 | D:8      | Found a shimmering blue altar of Sif Muna.
  6634 | D:9      | Found a staircase to the Lair.
  6634 | D:9      | Noticed an elephant
  6643 | D:9      | Killed an elephant
  6643 | D:9      | Reached skill level 1 in Dodging
  7016 | D:9      | Found a shimmering altar of Xom.
  7018 | D:9      | Found a shimmering altar of Xom.
  7051 | D:9      | Reached skill level 11 in Axes
  7118 | D:9      | Found a shimmering altar of Xom.
  7241 | D:9      | Found a shimmering altar of Xom.
  7278 | Lair:1   | Entered Level 1 of the Lair of Beasts
  7562 | Lair:1   | Noticed a spiny frog
  7568 | Lair:1   | Killed a spiny frog
  7708 | Lair:1   | Noticed a four-headed hydra
  7710 | Lair:1   | Noticed a spiny frog
  7716 | Lair:1   | Killed a six-headed hydra
  7716 | Lair:1   | Reached XP level 11. HP: 59/97 MP: 10/14
  8171 | Lair:1   | Reached skill level 12 in Axes
  8810 | Lair:2   | Noticed a seven-headed hydra
  9173 | Lair:2   | Killed a 13-headed hydra
  9173 | Lair:2   | Reached skill level 10 in Armour
  9943 | Lair:3   | You fall into a shaft and drop 1 floor!
  9978 | Lair:4   | Reached skill level 5 in Dodging
  9980 | Lair:4   | Reached skill level 10 in Fighting
  9980 | Lair:4   | Reached skill level 13 in Axes
  9980 | Lair:4   | Reached XP level 12. HP: 104/106 MP: 15/17
 10130 | Lair:4   | Found a staircase to the Swamp.
 10339 | Lair:4   | Reached skill level 10 in Shields
 11344 | Lair:3   | Found a hole to the Spider Nest.
 11662 | Lair:5   | Noticed a seven-headed hydra
 11672 | Lair:5   | HP: 5/106 [13-headed hydra (9)]
 11673 | Lair:5   | Slain by a 13-headed hydra

Levels and vault maps discovered:
D:1:      dpeg_arrival_stone_temple_mockup, layout_rooms
D:2:      layout_basic, lemuel_crystal_altar, first_ration, grunt_ministairs_2
D:3:      layout_rooms, gup_sewer_entry_bubbles, uniq_ijyb
D:4:      layout_cave_pools, minmay_temple_entry_large_hall
D:5:      layout_cave_pools, kennysheep_mini, basic_altar, serial_shops, shop
D:6:      layout_basic, gammafunk_temple_overflow_arena,
          nicolae_ru_path_of_blood, lemuel_doored_altar,
          chequers_temple_overflow_statue_of_worship, uniq_prince_ribbit1
D:7:      layout_rooms, old_standard_altar, kennysheep_vampire_church,
          lemuel_angel_altar
D:8:      layout_cave_pools, led_sif_book, nicolae_overflow_hidden_temple,
          gammafunk_ghost_grave, uniq_harold
D:9:      layout_gridville, xom_redecorated, david_lair_generic,
          blue_anna_alchemist [blue_anna_fruit_fields, blue_anna_fruit_fields]
Lair:1:   layout_loops_ring, infiniplex_staircase_pool
Lair:2:   layout_long_grid, lemuel_old_faithful, grunt_megastairs_1
Lair:3:   layout_chaotic_city, nicolae_spider_entry_non_spiders,
          grunt_megastairs_4
Lair:4:   layout_regular_city, swamp_mist, lemuel_fruit_fields,
          serial_bayou_shore_a, minmay_lair_oklob_chamber
Lair:5:   layout_regular_city, dpeg_oklob_1

Skill      XL: |  1  2  3  4  5  6  7  8  9 10 11 12 |
---------------+-------------------------------------+-----
Axes           | 3 4 5 7 8 10 11 13 | 13.3
Fighting       | 4 5 6 8 9 10 | 10.2
Armour         | 4 5 6 8 9 10 | 10.4
Shields        | 4 5 6 8 9 10 | 10.1
Invocations    | 1 2 3 4 5 6 8 |  8.5
Dodging        | 3 5 |  5.5

Action                   |  1- 3 |  4- 6 |  7- 9 | 10-12 || total
-------------------------+-------+-------+-------+-------++-------
Melee: War axe           |    92 |   118 |       |       ||   210
       Headbutt          |    10 |    24 |    72 |   136 ||   242
       Hand axe          |       |    31 |   251 |   294 ||   576
Invok: Bend Time         |       |       |       |     5 ||     5
       Step From Time    |       |       |       |     1 ||     1
Evoke: Wand              |       |       |     1 |     3 ||     4
  Use: Scroll            |       |       |    11 |     1 ||    12
  Eat: Chunk             |       |     5 |     5 |    10 ||    20
       Ration            |       |       |       |     1 ||     1
Armor: Scale mail        |    49 |    41 |    32 |       ||   122
       Plate armour      |       |       |    79 |   137 ||   216
Dodge: Dodged            |    38 |    38 |    54 |   107 ||   237
Block: Shield            |    69 |    74 |   173 |   243 ||   559
